 Dungeon Crawl Stone Soup version 0.18.1-50-g88ac8fd (webtiles) character file.

3216 nikopol the Cleaver (level 9, -1/79 HPs)
             Began as a Minotaur Berserker on Oct 16, 2016.
             Was a High Priest of Trog.
             Slain by a killer bee (3 damage)
             ... on level 7 of the Dungeon.
             The game lasted 00:14:06 (5886 turns).

nikopol the Cleaver (Minotaur Berserker)            Turns: 5886, Time: 00:14:07

Health: -1/79      AC:  6    Str: 28    XL:     9   Next: 65%
Magic:  8/8        EV: 14    Int:  4    God:    Trog [*****.]
Gold:   378        SH:  0    Dex: 13    Spells: 0 memorised, 8 levels left

rFire  . . .     SeeInvis .     a - +0 war axe
rCold  . . .     Gourm    .     l - +0 ring mail
rNeg   . . .     Faith    .     (no shield)
rPois  .         Spirit   .     (helmet restricted)
rElec  .         Dismiss  .     (no cloak)
rCorr  .         Reflect  .     (no gloves)
SustAt .         Harm     .     (no boots)
MR     ++...     Rnd*Tele +     (no amulet)
Stlth  +.........               w - ring of teleportation (curse)
                                s - +6 ring of strength

@: lethally poisoned (-1 -> -17), regenerating, very resistant to hostile
enchantments, very unstealthy
A: retaliatory headbutt, horns 2
a: Berserk, Trog's Hand, Brothers in Arms, Burn Spellbooks, Renounce Religion


You were on level 7 of the Dungeon.
You worshipped Trog.
Trog was extremely pleased with you.
You were not hungry.

You visited 1 branch of the dungeon, and saw 7 of its levels.

You collected 378 gold pieces.

Inventory:

Hand Weapons
 a - a +0 war axe (weapon)
 z - a +0 shortbow
 I - a +0 hand axe
Missiles
 i - 179 arrows (quivered)
Armour
 b - a +0 animal skin
 l - a +0 ring mail (worn)
Jewellery
 s - a +6 ring of strength (left hand)
 w - a cursed ring of teleportation (right hand)
 K - a +4 ring of dexterity
Wands
 y - a wand of acid (7/15)
 H - a wand of acid (7/15)
 L - a wand of flame (30/48)
Scrolls
 h - 2 scrolls of fog {unknown}
 j - a scroll of noise {unknown}
 k - 2 scrolls of amnesia {unknown}
 n - 11 scrolls of identify {unknown}
 q - 5 scrolls of remove curse {unknown}
 u - a scroll of fear {unknown}
 E - a scroll of enchant weapon {unknown}
 G - a scroll of recharging {unknown}
 J - a scroll of immolation {unknown}
 Q - a scroll of teleportation {unknown}
Potions
 d - 7 potions of curing {unknown}
 e - 2 potions of mutation {unknown}
 g - 2 potions of invisibility {unknown}
 m - 3 potions of agility {unknown}
 o - 2 potions of resistance {unknown}
 p - a potion of might {unknown}
 r - a potion of magic {unknown}
 A - 2 potions of degeneration {unknown}
 B - 2 potions of haste {unknown}
 C - a potion of berserk rage {unknown}
 F - a potion of heal wounds {unknown}
 M - a potion of lignification {unknown}
 N - a potion of cure mutation {unknown}
Comestibles
 c - 5 bread rations
 f - 4 meat rations
 t - 2 beef jerkies
 v - 3 fruits
 x - a slice of pizza
 D - 2 royal jellies
 P - 8 chunks of flesh


   Skills:
 + Level 7.6 Fighting
 * Level 10.3 Axes
 * Level 5.0 Bows
 + Level 7.3 Armour
 + Level 6.6 Dodging


You had 8 spell levels left.
You didn't know any spells.

Dungeon Overview and Level Annotations

Branches:
Dungeon (7/15)             Temple (0/1) D:4

Altars:
Dithmenos
Fedhas
Gozag
Makhleb
Qazlal
Xom
The Shining One


Innate Abilities, Weirdness & Mutations

You reflexively headbutt those who attack you in melee.
You have a pair of horns on your head.


Message History

The killer bee poisons you! The killer bee stings you.
* * * LOW HITPOINT WARNING * * *
You are more poisoned.
The killer bee poisons you!
You slash the killer bee!
The killer bee is almost dead.
* * * LOW HITPOINT WARNING * * *
You feel very sick. The killer bee stings you.
* * * LOW HITPOINT WARNING * * *
You are more poisoned.
The killer bee poisons you! The killer bee stings you.
* * * LOW HITPOINT WARNING * * *
Your skin crawls.
You feel resistant to hostile enchantments.
You feel slightly more hungry.
* * * LOW HITPOINT WARNING * * *
You feel very sick. The killer bee stings you.
You die...

.......#######..#..
#.....#.##
###.......(.....#.#
#..#..#.#<
#..........|..#.#
#..#..#.#.
#.............(.#
#..#..#.#.
#..........)....#
##.#..#.#.
#...............#
...####.#.
#.............†.# .....+
..#.
#............y.>#.......#
..## #.............@...#
#### ....
#....../.....####.# ####
#######......# .# #<..
#......+ ###. #......# #.
#......# #. ######## #.
#. #.


You could see a killer bee.

Vanquished Creatures
  A two-headed ogre (D:6)
  The ghost of Shufflesack the Covert, an amateur HaAs (D:5)
  A hungry ghost (D:7)
  Menkaure (D:6)
  Edmund (D:5)
  Purgy (D:3)
  A sky beast (D:5)
  4 phantoms
  5 centaurs
  8 ogres
  2 giant frogs (D:6)
  2 killer bees (D:7)
  A wight (D:3)
  2 crimson imps
  A centaur skeleton (D:5)
  4 hounds
  2 iguanas
  An orc wizard (D:6)
  Ijyb (D:3)
  4 worker ants
  Robin (D:3)
  3 gnolls (D:7)
  2 adders
  2 shadow imps
  2 adder skeletons
  3 dart slugs
  5 giant geckos
  17 orcs
  A ball python (D:4)
  3 giant cockroaches
  18 goblins
  12 hobgoblins
  9 jackals
  7 quokkas
  7 bats
  2 giant newts
  A jackal zombie (D:5)
  6 kobolds
  2 quokka skeletons
  8 rats
  A bush (D:1)
  4 plants (D:1)
160 creatures vanquished.

Notes
Turn   | Place    | Note
--------------------------------------------------------------
     0 | D:1      | nikopol the Minotaur Berserker began the quest for the Orb.
     0 | D:1      | Reached XP level 1. HP: 19/19 MP: 0/0
   109 | D:1      | Reached XP level 2. HP: 21/27 MP: 1/1
   289 | D:1      | Reached skill level 4 in Axes
   340 | D:1      | Reached ** piety under Trog
   340 | D:1      | Reached XP level 3. HP: 27/33 MP: 2/2
  1631 | D:3      | Noticed Robin
  1633 | D:3      | Reached XP level 4. HP: 40/40 MP: 3/3
  1635 | D:3      | Reached *** piety under Trog
  1642 | D:3      | Killed Robin
  1736 | D:3      | Reached skill level 5 in Axes
  1736 | D:3      | Reached XP level 5. HP: 38/47 MP: 4/4
  1875 | D:3      | Noticed Purgy
  1888 | D:3      | Killed Purgy
  1888 | D:3      | Reached XP level 6. HP: 33/55 MP: 5/5
  2108 | D:3      | You fall through a shaft for 2 floors!
  2108 | D:5      | Entered Level 5 of the Dungeon
  2108 | D:5      | Noticed Edmund
  2114 | D:5      | Killed Edmund
  2114 | D:5      | Reached skill level 5 in Fighting
  2114 | D:5      | Reached skill level 6 in Axes
  2134 | D:5      | Noticed a sky beast
  2143 | D:5      | Killed a sky beast
  2246 | D:5      | Noticed Shufflesack's ghost (amateur HaAs)
  2262 | D:5      | Killed Shufflesack's ghost
  2262 | D:5      | Reached skill level 5 in Armour
  2262 | D:5      | Reached XP level 7. HP: 61/61 MP: 6/6
  2319 | D:5      | Reached skill level 7 in Axes
  2571 | D:4      | Reached skill level 5 in Dodging
  2571 | D:4      | Reached XP level 8. HP: 61/70 MP: 7/7
  2705 | D:4      | Reached skill level 8 in Axes
  2752 | D:4      | Reached **** piety under Trog
  2769 | D:3      | Noticed Ijyb
  2788 | D:3      | Killed Ijyb
  3104 | D:4      | Found a shadowy altar of Dithmenos.
  3297 | D:4      | Found a staircase to the Ecumenical Temple.
  3664 | D:5      | Found a glowing golden altar of the Shining One.
  3853 | D:6      | Noticed Menkaure
  3863 | D:6      | Killed Menkaure
  3863 | D:6      | Reached skill level 1 in Bows
  4042 | D:6      | Found a stormy altar of Qazlal.
  4163 | D:6      | Reached skill level 9 in Axes
  4780 | D:6      | Found an opulent altar of Gozag.
  4857 | D:6      | Reached XP level 9. HP: 58/79 MP: 8/8
  4986 | D:6      | Found a shimmering altar of Xom.
  4986 | D:6      | Found a burning altar of Makhleb.
  5061 | D:6      | Found a shimmering altar of Xom.
  5371 | D:7      | Reached ***** piety under Trog
  5371 | D:7      | Reached skill level 10 in Axes
  5717 | D:7      | Found a blossoming altar of Fedhas.
  5875 | D:7      | Reached skill level 5 in Bows
  5886 | D:7      | HP: 2/79 [poisoned by a killer bee]
  5886 | D:7      | Slain by a killer bee

Skill      XL: |  1  2  3  4  5  6  7  8  9 |
---------------+----------------------------+-----
Armour         | 3 4 5 6 7 |  7.3
Axes           | 4 5 6 7 9 10 | 10.3
Fighting       | 4 5 6 7 |  7.6
Dodging        | 3 4 5 6 |  6.6
Bows           | 2 5 |  5.0

Action                   |  1- 3 |  4- 6 |  7- 9 || total
-------------------------+-------+-------+-------++-------
Melee: Hand axe          |   306 |    67 |    72 ||   445
       Headbutt          |   102 |    16 |    25 ||   143
       War axe           |       |       |    95 ||    95
 Fire: Shortbow          |       |       |   110 ||   110
Invok: Berserk           |     1 |     3 |       ||     4
       Burn Spellbooks   |     1 |       |     1 ||     2
       Trog's Hand       |       |       |     1 ||     1
  Eat: Chunk             |     3 |     4 |    13 ||    20
       Royal jelly       |       |     1 |       ||     1
Armor: Animal skin       |     5 |       |       ||     5
       Ring mail         |    37 |    26 |    46 ||   109
Dodge: Dodged            |    55 |    42 |   140 ||   237
